AoeStats
← Iamak3186

Arabia

504896358Analyzed
1v1 RM · 26d ago on Sep 7, 2026· 87m 20s· 2 players
Game mode
Random Map
Map size
Tiny (2 player)
Population
200
Speed
Normal
Resources
Standard
Victory
Conquest
Starting age
Dark Age
Ending age
Imperial Age
RankedLock teamsTeams togetherTeam positionsShared explorationLock speedFull tech treeHidden civsTurbo modeCheats
Victory
Defeat
🇮🇳 Mongols · India
1156
+14
🇨🇴 Magyars · Colombia
1114
-14
juandaosp12
6:44 Loom
7:42 Loom
9:51 Feudal Age
18:34 Wheelbarrow
20:55 Castle Age
19:35 Horse Collar
19:41 Double-Bit Axe
20:06 Gold Mining
21:40 Fletching
21:56 Scale Barding Armor
21:59 Elite Skirmisher
27:49 Bloodlines
29:54 Thumb Ring
32:01 Hand Cart
31:54 Husbandry
32:14 Padded Archer Armor
32:39 Bodkin Arrow
33:05 Light Cavalry
37:38 Imperial Age
35:27 Stone Mining
36:13 Gold Shaft Mining
36:01 Bow Saw
35:57 Heavy Plow
37:32 Leather Archer Armor
37:57 Corvinian Army
39:21 Conscription
40:01 Chain Barding Armor
41:49 Chemistry
41:09 Ballistics
42:56 Elite Magyar Huszar
44:02 Hussar
48:43 Crop Rotation
48:53 Bracer
49:32 Plate Barding Armor
49:46 Siege Engineers
49:52 Masonry
50:03 Ballistics
50:01 Pikeman
51:37 Halberdier
54:45 Ring Archer Armor
54:40 Cavalier
56:29 Paladin
82:14 Scale Mail Armor
Iamak3186
5:57 Loom
8:29 Feudal Age
9:00 Double-Bit Axe
12:40 Horse Collar
21:10 Castle Age
20:08 Bloodlines
19:57 Fletching
20:08 Gold Mining
21:52 Bodkin Arrow
23:24 Bow Saw
25:10 Man-at-Arms
28:55 Wheelbarrow
28:29 Scale Mail Armor
29:46 Padded Archer Armor
32:09 Hand Cart
32:16 Chain Mail Armor
32:16 Stone Mining
33:08 Town Watch
36:38 Imperial Age
34:40 Heavy Plow
35:43 Leather Archer Armor
36:07 Husbandry
35:29 Light Cavalry
36:39 Thumb Ring
37:27 Bracer
38:21 Ballistics
39:01 Chemistry
37:46 Heavy Cavalry Archer
40:08 Parthian Tactics
40:06 Conscription
41:09 Scale Barding Armor
43:06 Chain Barding Armor
42:23 Hussar
44:21 Hoardings
50:54 Forging
61:00 Iron Casting
65:03 Blast Furnace
64:16 Masonry
64:39 Heavy Camel Rider
65:11 Long Swordsman
66:23 Plate Mail Armor
69:15 Two-Handed Swordsman
75:34 Squires
77:02 Heavy Camel Rider
85:29 Guard Tower
Connection lost

Rejoining the realm…

Still unreachable

The connection could not be restored.

Session expired

The server has moved on; the page needs a fresh start.